Map: Orbital Shipyard

Players

Miszu

  • Race: Protoss Protoss
  • League: Master

Matiz - Winner!

  • Race: Zerg Zerg
  • League: Master

VOD

Have the link to the VOD?

Description

Time

  • Played on: March 16, 2016, 4:52 p.m.
  • Length: 9:43
Show
View Real Time Build Order
Export as new Build Order

Miszu Protoss 

Build Orders:  

Get SALT Encoding   

  12  0:01  Probe (Chrono Boost)  
  13  0:11  Probe (Chrono Boost)  
  14  0:18  Pylon  
  14  0:22  Probe (Chrono Boost)  
  15  0:36  Probe (Chrono Boost)  
  15  0:41  Gateway  
  16  0:47  Probe (Chrono Boost)  
  17  0:57  Probe (Chrono Boost)  
  17  0:58  Assimilator  
  18  1:08  Probe (Chrono Boost)  
  20  1:18  Probe (Chrono Boost)  
  20  1:28  Cybernetics Core  
  20  1:29  Probe (Chrono Boost)  
  20  1:30  Cybernetics Core  
  21  1:39  Probe (Chrono Boost)  
  22  1:45  Nexus  
  22  1:50  Probe (Chrono Boost)  
  23  1:56  Assimilator  
  23  2:04  Pylon  
  23  2:06  Warp Gate  
  23  2:22  Adept, Probe (Chrono Boost)  
  26  2:33  Mothership Core (Chrono Boost)  
  28  2:40  Pylon  
  28  2:49  Adept  
  30  2:51  Probe (Chrono Boost)  
  32  2:58  Probe (Chrono Boost)  
  32  3:02  Probe (Chrono Boost)  
  33  3:06  Nexus  
  33  3:09  Probe (Chrono Boost)  
  35  3:13  Probe (Chrono Boost)  
  35  3:16  Pylon  
  35  3:19  Probe (Chrono Boost)  
  36  3:24  Adept  
  36  3:26  Probe (Chrono Boost)  
  39  3:31  Probe (Chrono Boost)  
  40  3:36  Twilight Council  
  40  3:47  Probe (Chrono Boost)  
  41  3:49  Robotics Facility  
  41  3:50  Probe (Chrono Boost)  
  42  3:58  Probe (Chrono Boost)  
  42  4:01  Probe (Chrono Boost)  
  44  4:04  Forge  
  44  4:08  Probe (Chrono Boost)  
  45  4:11  Probe (Chrono Boost)  
  45  4:16  Adept  
  48  4:18  Probe (Chrono Boost)  
  48  4:19  Probe (Chrono Boost)  
  48  4:22  Probe (Chrono Boost)  
  51  4:24  Assimilator  
  51  4:27  Assimilator  
  51  4:28  Probe (Chrono Boost)  
  51  4:29  Probe (Chrono Boost)  
  53  4:31  Pylon  
  53  4:32  Probe (Chrono Boost)  
  54  4:39  Sentry, Probe (Chrono Boost)  
  54  4:40  Probe (Chrono Boost)  
  54  4:42  Protoss Ground Weapons Level 1  
  54  4:43  Resonating Glaives, Probe (Chrono Boost)  
  59  4:48  Probe (Chrono Boost)  
  59  4:49  Observer (Chrono Boost)  
  59  4:50  Probe (Chrono Boost)  
  59  4:52  Probe (Chrono Boost)  
  62  4:57  Pylon  
  62  4:58  Probe  
  63  5:02  Probe x2  
  66  5:09  Probe  
  66  5:12  Immortal (Chrono Boost)  
  66  5:13  Probe  
  71  5:14  Probe  
  71  5:16  Sentry  
  71  5:19  Probe  
  76  5:23  Probe  
  76  5:24  Gateway  
  76  5:25  Gateway  
  76  5:26  Probe  
  78  5:30  Probe  
  78  5:34  Gateway, Probe  
  80  5:38  Probe  
  80  5:40  Probe  
  82  5:44  Probe  
  82  5:45  Gateway  
  82  5:48  Robotics Facility  
  83  5:55  Pylon x2  
  83  6:05  Stalker  
  83  6:08  Pylon  
  83  6:11  Assimilator x2  
  85  6:14  Immortal (Chrono Boost)  
  89  6:21  Pylon  
  89  6:27  Gateway  
  89  6:31  Gateway  
  89  6:38  Gateway  
  89  6:39  Immortal (Chrono Boost)  
  93  6:41  Adept x2  
  93  6:42  Adept x3, Gateway  
  93  6:44  Gateway  
  103  6:47  Warp Prism (Chrono Boost)  
  103  6:48  Protoss Ground Weapons Level 2  
  103  6:51  Pylon  
  105  7:01  Pylon  
  105  7:04  Stalker x4  
  105  7:05  Stalker  
  115  7:09  Pylon  
  115  7:21  Pylon  
  115  7:22  Pylon  
  115  7:35  Stalker  
  115  7:36  Stalker x6  
  112  7:46  Mothership Core  
  112  7:50  Pylon, Stalker  
  112  7:51  Stalker x2  
  120  8:01  Pylon x2  
  120  8:04  Stalker x2  
  120  8:05  Stalker x5  
  138  8:12  Immortal (Chrono Boost)  
  138  8:22  Stalker  
  138  8:24  Pylon  
  129  8:34  Stalker x2  
  129  8:35  Stalker x2  
  128  8:54  Adept x2  
  128  8:55  Adept x3  
  138  9:03  Sentry  
  138  9:04  Sentry x2  
Show
View Real Time Build Order
Export as new Build Order

Matiz Zerg - Winner!

Build Orders: 3 Hatch before Pool, Lurkers 

Get SALT Encoding   

  12  0:01  Drone  
  13  0:12  Overlord  
  13  0:18  Drone  
  14  0:24  Extractor, Drone  
  15  0:34  Drone  
  16  0:35  Drone  
  17  0:54  Hatchery  
  17  0:55  Drone  
  17  0:58  Drone  
  18  1:18  Hatchery  
  18  1:20  Drone  
  18  1:24  Drone  
  19  1:36  Spawning Pool  
  19  1:38  Extractor  
  17  1:41  Drone  
  17  1:44  Drone  
  19  1:50  Drone  
  20  2:02  Drone  
  20  2:07  Drone  
  22  2:12  Drone  
  23  2:17  Drone  
  24  2:23  Queen x2  
  24  2:29  Overlord  
  28  2:33  Queen  
  28  2:36  Drone  
  28  2:37  Drone  
  32  2:41  Metabolic Boost  
  32  2:45  Zergling x2  
  32  2:49  Drone  
  32  2:50  Drone  
  35  2:51  Drone  
  35  2:56  Drone  
  35  2:57  Drone  
  38  3:00  Drone  
  39  3:06  Zergling x6  
  39  3:12  Overlord  
  42  3:17  Overlord  
  42  3:29  Overlord, Queen  
  42  3:30  Drone x3  
  42  3:32  Drone  
  48  3:36  Drone x5  
  53  3:45  Drone x5  
  57  3:58  Drone, Hatchery  
  57  3:59  Drone x2  
  59  4:05  Overlord  
  59  4:11  Overlord, Drone  
  59  4:12  Drone x5  
  59  4:13  Drone  
  66  4:17  Overlord  
  66  4:22  Roach Warren  
  66  4:24  Extractor  
  64  4:26  Extractor  
  64  4:27  Extractor  
  64  4:30  Drone x2  
  64  4:31  Drone x4  
  68  4:33  Lair  
  68  4:35  Overlord  
  68  4:38  Drone x2  
  70  4:40  Drone  
  70  4:41  Drone x2  
  70  4:45  Drone x3  
  75  4:46  Drone  
  77  4:53  Extractor, Drone x3, Evolution Chamber  
  78  5:02  Extractor  
  78  5:06  Overlord x2  
  77  5:07  Drone x2  
  77  5:10  Queen  
  77  5:13  Drone x3  
  84  5:16  Drone x3  
  84  5:20  Roach x6  
  99  5:25  Overlord, Zerg Melee Weapons Level 1  
  99  5:29  Zergling x2  
  99  5:30  Overlord  
  99  5:33  Spire  
  99  5:35  Overlord, Overseer  
  99  5:37  Zergling x2  
  100  5:45  Hydralisk Den  
  100  5:47  Overlord  
  100  5:48  Drone x4  
  100  5:49  Drone  
  104  5:57  Infestation Pit, Pneumatized Carapace  
  103  6:12  Overlord x3  
  103  6:13  Zergling x16  
  103  6:17  Zergling x8  
  114  6:19  Lurker Den  
  114  6:24  Overlord  
  114  6:25  Baneling Nest, Extractor  
  112  6:26  Extractor  
  111  6:33  Overseer  
  111  6:34  Overlord  
  111  6:38  Drone x2  
  111  6:39  Overlord  
  113  6:45  Overlord  
  113  6:48  Mutalisk x2  
  113  6:49  Mutalisk x4  
  113  6:52  Zergling x4  
  113  6:53  Zergling x16  
  134  6:59  Overlord, Hydralisk  
  134  7:00  Hydralisk x3  
  142  7:08  Ravager  
  142  7:09  Overlord, Ravager  
  142  7:10  Zergling x10  
  142  7:11  Baneling  
  142  7:12  Baneling x4  
  139  7:30  Mutalisk x4  
  139  7:36  Zergling x6  
  139  7:37  Zergling x14  
  141  7:46  Lurker  
  141  7:47  Lurker x2  
  141  7:48  Zergling x8  
  148  7:57  Hatchery  
  147  8:00  Zergling x2  
  147  8:01  Zergling x6  
  149  8:12  Lurker  
  149  8:15  Hive  
  149  8:16  Mutalisk x4  
  157  8:21  Extractor  
  156  8:33  Hydralisk, Hatchery  
  156  8:34  Hydralisk x3  
  163  8:45  Hydralisk  
  163  8:46  Hydralisk, Zergling x2  
  163  8:47  Zergling x28  
  182  8:54  Overlord  
  180  9:03  Overlord, Lurker  
  180  9:05  Drone  
  180  9:06  Drone  
  183  9:13  Zergling x12  
  183  9:18  Lurker x4  
  183  9:21  Zergling x2  
  183  9:22  Zergling x6  
Tags
 
Add a new tag
Caveats
  • Supply blocks, unpowered buildings, or Contaminate may cause inaccurate times.
  • Supply counts are checked every 10 seconds.